 Dungeon Crawl Stone Soup version 0.22-a0-181-gb22368a (webtiles) character file.

177 Amnesiac the Magician (level 5, -8/35 HPs)
             Began as a Mummy Earth Elementalist on Feb 14, 2018.
             Shot with an arrow by a centaur (15 damage)
             ... on level 6 of the Dungeon.
             The game lasted 00:04:40 (2207 turns).

Amnesiac the Magician (Mummy Earth Elementalist)    Turns: 2207, Time: 00:04:41

Health: -8/35      AC:  2    Str: 12    XL:     5   Next: 30%
Magic:  11/11      EV: 12    Int: 15    God:
Gold:   62         SH:  0    Dex: 12    Spells: 0/12 levels left

rFire    x . .     SeeInvis .   b - +0 hunting sling
rCold    + . .     Gourm    .   (no shield)
rNeg     + + +     Faith    .   c - +0 robe
rPois    ∞         Spirit   .   (no helmet)
rElec    .         Reflect  .   (no cloak)
rCorr    .         Harm     .   (no gloves)
MR       .....                  (no boots)
Stlth    ++........             (no amulet)
HPRegen  0.11/turn              (no ring)
MPRegen  0.12/turn              (no ring)

@: no status effects
A: no food or potions, fire vulnerability, cold resistance 1, negative energy
resistance 3, torment resistance, unbreathing
a: no special abilities


You were on level 6 of the Dungeon.
You were not hungry.

You visited 1 branch of the dungeon, and saw 6 of its levels.

You collected 62 gold pieces.

Inventory:

Hand Weapons
 a - a +0 dagger
 b - a +0 hunting sling (weapon)
Missiles
 e - 34 stones
 j - 7 sling bullets (quivered)
Armour
 c - a +0 robe (worn)
 l - a +0 buckler
Jewellery
 h - an uncursed amulet of regeneration {unknown}
Wands
 i - a wand of acid (10)
Scrolls
 f - 3 scrolls of remove curse {!r, unknown}
 g - a scroll of identify {!r, unknown}
 k - a scroll of magic mapping {!r, unknown}
 m - a scroll of enchant armour {!r, unknown}
 n - a scroll of teleportation {!r, unknown}
Books
 d - a book of Geomancy

   Spells                             Type                      Level
   a - Sandblast                      Earth                        1
   b - Passwall                       Transmutation/Earth          2
   c - Stone Arrow                    Conjuration/Earth            3
   d - Petrify                        Transmutation/Earth          4
   e - Lee's Rapid Deconstruction     Earth                        5


   Skills:
 + Level 0.4 Short Blades
 - Level 1.5 Dodging
 - Level 2.0 Stealth
 + Level 4.2 Spellcasting
 - Level 1.0 Transmutations
 * Level 4.1 Earth Magic


You couldn't memorise any spells.
You knew the following spells:

 Your Spells              Type           Power        Failure   Level  Hunger
a - Sandblast             Erth           ###...       3%          1    N/A
b - Passwall              Tmut/Erth      ##........   9%          2    N/A
d - Lee's Rapid Deconstr  Erth           ###.......   65%         5    N/A
e - Petrify               Tmut/Erth      ##......     52%         4    N/A

Dungeon Overview and Level Annotations

Branches:
Dungeon (6/15)
 Temple: D:4-7

Altars:
Dithmenos
Zin


Innate Abilities, Weirdness & Mutations

You do not eat or drink.
Your flesh is vulnerable to fire.
You are immune to poison.
Your flesh is cold resistant. (rC+)
You are immune to negative energy. (rN+++)
You are immune to unholy pain and torment.
You can survive without breathing.


Message History

The iguana barely misses you.
You continue meditating on the rock.
The iguana closely misses you.
You finish merging with the rock.
Magic restored.
There is a stone staircase leading down here.
You climb downwards.
The orc shouts! x2
The quokka barely misses you. The ogre barely misses you.
There is a stone staircase leading up here.
The quokka misses you. The quokka closely misses you.
Found 11 arrows.
An ogre comes into view. It is wielding a giant club.
The orc wizard casts a spell.
The orc wizard blinks!
The ogre shouts!
The orc wizard gestures at you while chanting.
The magic dart hits you!
There is a stone staircase leading down here.
You can't go up here!
The quokka closely misses you. The quokka bites you.
You climb downwards.
Found a scroll labeled HUNESEUMEG.
There is a stone staircase leading up here.
Unknown command.
Casting: Passwall (safe; 10% risk of failure)
Confirm with . or Enter, or press ? or * to list all spells.
Aiming: Sandblast (safe; 3% risk of failure)
Press: ? - help, Shift-Dir - straight line, f - quokka
Aim: a quokka The blast of sand hits the quokka.
You kill the quokka!
e - 34 stones
Casting: Sandblast (safe; 3% risk of failure)
Confirm with . or Enter, or press ? or * to list all spells.
You can't see any susceptible monsters within range! (Use Z to cast anyway.)
n - a scroll labeled HUNESEUMEG {!r} You start resting.
A jackal comes into view.
A jackal is nearby!
Firing (i - inventory. (/) - cycle)
j - 9 sling bullets (quivered)
Press: ? - help, Shift-Dir - straight line, f - jackal
Aim: a jackal (hasn't noticed you)
You shoot a sling bullet. The sling bullet hits the jackal!
You kill the jackal!
No target in view!
No target in view!
You start resting.
HP restored.
You start resting.
A jackal comes into view.
A centaur comes into view.
The centaur wields a shortbow.
The centaur shoots an arrow.
The arrow hits you!
* * * LOW HITPOINT WARNING * * *
You see here an arrow.
Firing (i - inventory. (/) - cycle)
j - 8 sling bullets (quivered)
Press: ? - help, Shift-Dir - straight line, f - jackal
Aim: a jackal (hasn't noticed you)
You shoot a sling bullet. The sling bullet hits the jackal.
The jackal is almost dead.
The centaur shoots an arrow.
The arrow hits you!
* * * LOW HITPOINT WARNING * * *
The centaur shoots an arrow.
The arrow hits you!
You die...

### c.
###.#########
....#.<†...#
#..#.####.#
#.#..#.####
#(..h@....#
.......#.##.#
.#####.#...
.. ..####.###
### #


You could see a centaur and a jackal.

Vanquished Creatures
  A crimson imp (D:4)
  A hound (D:4)
  A worker ant (D:4)
  A howler monkey skeleton (D:4)
  2 adders (D:3)
  An adder skeleton (D:4)
  A dart slug (D:3)
  A leopard gecko (D:4)
  11 orcs
  5 bats
  3 giant cockroaches
  4 goblins (D:3)
  2 hobgoblins (D:3)
  A jackal (D:6)
  2 quokkas
  3 frilled lizards
  5 kobolds (D:3)
  A rat (D:3)
46 creatures vanquished.

Notes
Turn   | Place    | Note
-------+----------+-------------------------------------------
     0 | D:1      | Amnesiac the Mummy Earth Elementalist began the quest for the Orb.
     0 | D:1      | Reached XP level 1. HP: 13/13 MP: 4/4
   327 | D:3      | Reached XP level 2. HP: 14/19 MP: 5/5
   607 | D:3      | Reached XP level 3. HP: 24/24 MP: 7/7
   611 | D:3      | Learned a level 2 spell: Passwall
   918 | D:3      | Found a shadowy altar of Dithmenos.
   919 | D:3      | Found a glowing silver altar of Zin.
  1217 | D:4      | Reached XP level 4. HP: 26/30 MP: 9/9
  1530 | D:4      | Reached skill level 1 in Transmutations
  1753 | D:5      | Entered Level 5 of the Dungeon
  1755 | D:5      | Noticed a hand axe
  1755 | D:5      | Noticed a dagger
  1769 | D:4      | Reached XP level 5. HP: 29/35 MP: 11/11
  1835 | D:4      | Learned a level 4 spell: Petrify
  1841 | D:4      | Learned a level 5 spell: Lee's Rapid Deconstruction
  1842 | D:5      | Noticed an ogre
  2116 | D:5      | Noticed an ogre
  2206 | D:6      | Noticed a centaur
  2207 | D:6      | Shot with an arrow by a centaur

Vault maps used:
D:1:      dpeg_arrival_pits
D:3:      chequers_temple_overflow_statue_of_worship
D:4:      minmay_misc_feat_cross
D:5:      cheibrodos_quashed, dancing_weapons_uskayaw, first_ration, tgw_fedhas

Skill      XL: |  1  2  3  4 |
---------------+-------------+-----
Spellcasting   | 3 4 |  4.2
Earth Magic    | 3 4 |  4.1
Stealth        | 2 |  2.0
Transmutations | 1 |  1.0
Short Blades   | |  0.4
Dodging        | |  1.5

Action                   |  1- 3 |  4- 6 || total
-------------------------+-------+-------++-------
Melee: Dagger            |     7 |       ||     7
 Fire: Hunting sling     |   106 |    33 ||   139
 Cast: Sandblast         |    16 |    10 ||    26
       Passwall          |       |     1 ||     1
Armor: Robe              |    12 |     4 ||    16
Dodge: Dodged            |    43 |    28 ||    71

Table legend:
 A = Spawn XP
 B = Non-spawn XP
 C = Spawn XP percentage of total XP
 D = Spawn monster count
 E = Non-spawn monster count
 F = Spawn count percentage of total count
 G = Total turns spent on level
                    A         B        C        D         E        F      G
               +---------+---------+-------+---------+---------+-------+---------
         Total |       0 |     253 |   0.0 |       0 |      46 |   0.0 |  2207
               +---------+---------+-------+---------+---------+-------+---------
           D:2 |       0 |       4 |   0.0 |       0 |       2 |   0.0 |    91
           D:3 |       0 |      79 |   0.0 |       0 |      28 |   0.0 |   851
           D:4 |       0 |     166 |   0.0 |       0 |      14 |   0.0 |  1152
           D:6 |       0 |       4 |   0.0 |       0 |       2 |   0.0 |    86
               +---------+---------+-------+---------+---------+-------+---------
